 Dungeon Crawl Stone Soup version 0.19.1-1-g22dce08 (webtiles) character file.

74 bosm the Insei (level 4, -4/29 HPs)
             Began as an Octopode Transmuter on Jan 7, 2017.
             Was an Initiate of Makhleb.
             Slain by bear's ghost (15 damage)
             ... on level 3 of the Dungeon.
             The game lasted 00:07:27 (1774 turns).

bosm the Insei (Octopode Transmuter)                Turns: 1774, Time: 00:07:29

Health: -4/29      AC:  1    Str:  9    XL:     4   Next: 28%
Magic:  7/8        EV: 13    Int: 16    God:    Makhleb [......]
Gold:   132        SH:  0    Dex: 15    Spells: 2 memorised, 4 levels left

rFire  . . .     SeeInvis .       - Unarmed
rCold  + . .     Gourm    .     (no shield)
rNeg   . . .     Faith    .     (helmet restricted)
rPois  .         Spirit   .     (no amulet)
rElec  .         Reflect  .     k - +3 ring of dexterity
rCorr  .         Harm     .     r - ring of protection from cold
MR     .....                    (no ring)
Stlth  ++........               (no ring)
                                (no ring)
                                (no ring)
                                (no ring)
                                (no ring)

@: appendage
A: almost no armour, stealthy swim, amphibious, 8 rings, constrict 8, tentacle
spike 3, camouflage 1, gelatinous body 1
a: End Transformation, Renounce Religion


You were on level 3 of the Dungeon.
You worshipped Makhleb.
Makhleb was noncommittal.
You were not hungry.
One of your tentacles had a temporary spike.
You visited 1 branch of the dungeon, and saw 3 of its levels.

You collected 132 gold pieces.

Inventory:

Missiles
 a - 48 arrows
Jewellery
 k - a +3 ring of dexterity (left tentacle)
 r - a ring of protection from cold (right tentacle)
 x - an uncursed ring of ice
Scrolls
 f - a scroll of noise {unknown}
 g - a scroll of amnesia {unknown}
 i - a scroll of fog {unknown}
 o - a scroll of immolation {unknown}
 p - a scroll of remove curse {unknown}
 s - 3 scrolls of enchant armour {unknown}
 v - a scroll of recharging {unknown}
Potions
 d - a potion of invisibility {unknown}
 e - a potion of cancellation {unknown}
 h - a potion of ambrosia {unknown}
 n - a potion of flight {unknown}
 q - 3 potions of curing {unknown}
 u - 3 potions of might {unknown}
Books
 b - a book of Changes

   Spells                             Type                      Level
   a - Beastly Appendage              Transmutation                1
   b - Sticks to Snakes               Transmutation                2
   c - Spider Form                    Transmutation/Poison         3
   d - Ice Form                       Ice/Transmutation            4
   e - Blade Hands                    Transmutation                5
Comestibles
 c - a bread ration
 j - 2 meat rations
 l - a beef jerky
 m - 2 fruits
 t - a slice of pizza


   Skills:
 + Level 1.9 Fighting
 - Level 2.0 Dodging
 * Level 3.5 Unarmed Combat
 * Level 2.7 Spellcasting
 + Level 2.8 Transmutations


You had 4 spell levels left.
You knew the following spells:

 Your Spells              Type           Power        Failure   Level  Hunger
a - Beastly Appendage     Tmut           ##....       10%         1    #......
b - Spider Form           Tmut/Pois      #.........   34%         3    ###....


Dungeon Overview and Level Annotations

Branches:
Dungeon (3/15)

Altars:
Makhleb
Nemelex Xobeh
Zin

Annotations:
D:3 Robin; Sigmund; bear's ghost, amateur DsFi


Innate Abilities, Weirdness & Mutations

You cannot wear most types of armour.
You are very stealthy in the water. (Stealth+)
You are amphibious.
You can wear up to eight rings at the same time.
You can use your tentacles to constrict eight enemies at once.
Your skin changes colour to match your surroundings (Stealth+).
Your rubbery body absorbs attacks. (AC +1, EV +1)
One of your tentacles bears a large vicious spike.


Message History

There is a stone staircase leading up here.
Some of the chunks of flesh in your inventory have rotted away.
All of the chunks of flesh in your inventory have rotted away.
Bear's ghost turns its malevolent gaze towards you.
A frilled lizard comes into view.
The frilled lizard hisses angrily.
Casting: Beastly Appendage
Confirm with . or Enter, or press ? or * to list all spells.
One of your tentacles grows a vicious spike.
Okay, then.
You tentacle-slap bear's ghost but do no damage.
You pierce bear's ghost, but do no damage.
Bear's ghost hits you.
You tentacle-slap bear's ghost.
You pierce bear's ghost.
Bear's ghost is lightly damaged.
Bear's ghost hits you!
Bear's ghost says, "Live by the sword, die by the sword."
Bear's ghost hits you!
Ouch! That really hurt!
You die...

###############
#.............#
########.###########.#
#........###########.#
#.#########.@........#
## #.# #W########## 2#
#.# #.# #####.# #l#
_..##.# #.# .....<#
#.# ..+...# #..
..#...# #.. _.###.#
##..


You could see bear's ghost and a frilled lizard.

Vanquished Creatures
  2 adders (D:2)
  3 worms (D:2)
  A leopard gecko (D:3)
  An orc (D:3)
  4 giant cockroaches
  12 goblins
  6 hobgoblins
  7 bats
  3 frilled lizards
  4 kobolds
  4 rats
47 creatures vanquished.

Notes
Turn   | Place    | Note
-------+----------+-------------------------------------------
     0 | D:1      | bosm the Octopode Transmuter began the quest for the Orb.
     0 | D:1      | Reached XP level 1. HP: 13/13 MP: 3/3
   264 | D:1      | Reached XP level 2. HP: 18/18 MP: 5/5
   615 | D:2      | Reached XP level 3. HP: 20/23 MP: 6/6
   829 | D:2      | Reached XP level 4. HP: 17/29 MP: 7/7
  1113 | D:2      | Found a sparkling altar of Nemelex Xobeh.
  1238 | D:3      | Noticed bear's ghost (amateur DsFi)
  1254 | D:3      | Found a burning altar of Makhleb.
  1258 | D:3      | Found a glowing silver altar of Zin.
  1258 | D:3      | Noticed a green death
  1258 | D:3      | Noticed an angel
  1261 | D:3      | Became a worshipper of Makhleb the Destroyer
  1336 | D:3      | Learned a level 3 spell: Spider Form
  1508 | D:3      | Noticed Robin
  1511 | D:3      | Noticed Sigmund
  1774 | D:3      | Slain by bear's ghost

Action                   |  1- 3 |  4- 6 || total
-------------------------+-------+-------++-------
Melee: Unarmed           |    67 |    23 ||    90
       Constrict         |    18 |     5 ||    23
       Tentacles         |    12 |     2 ||    14
       Kick              |       |     3 ||     3
       Punch             |       |     1 ||     1
 Cast: Beastly Appendage |     1 |     4 ||     5
 Stab: Sleeping          |    11 |     2 ||    13
  Eat: Chunk             |       |     3 ||     3
Armor: Skin              |     5 |     2 ||     7
Dodge: Dodged            |    35 |    15 ||    50
